 Dungeon Crawl Stone Soup version 0.28-a0-1374-ga75cb3825e (webtiles) character file.

Game seed: 10830354965458048802

1313 lessens the Chopper (level 8, -9/66 (72) HPs)
             Began as a Naga Brigand on Dec 31, 2021.
             Was a Follower of Okawaru.
             Killed from afar by Maggie (13 damage)
             ... with a bolt of fire
             ... on level 6 of the Dungeon.
             The game lasted 00:07:40 (5949 turns).

lessens the Chopper (Naga Brigand)                  Turns: 5949, Time: 00:07:41

HP:   -9/66 (72)    AC:  5    Str: 12    XL:     8   Next: 58%
MP:   8/8           EV:  9    Int: 14    God:    Okawaru [*.....]
Gold: 345           SH:  0    Dex: 13    Spells: 7/7 levels left

rFire   . . .      SeeInvis +   D - +10 hand axe "Hepsieru" {flame, rC++ Str-3 Int+2 Stlth+}
rCold   + + .      Faith    .   (no shield)
rNeg    . . .      Spirit   .   b - +0 robe
rPois   +          Reflect  .   (no helmet)
rElec   .          Harm     .   c - +0 cloak
rCorr   .          Rampage  .   (no gloves)
Will    +....                   (no barding)
Stlth   ++++......              (no amulet)
HPRegen 0.21/turn               (no ring)
MPRegen 0.11/turn               (no ring)

@: mesmerised, drained, very slow
A: AC +2, large, see invisible, deformed body, poison resistance, slowness 2,
spit poison 1, naga tail 1
a: Spit Poison, Renounce Religion, Heroism


You were on level 6 of the Dungeon.
You worshipped Okawaru.
Okawaru was aware of your devotion.
You visited 1 branch of the dungeon, and saw 6 of its levels.

You collected 345 gold pieces.

Inventory:

Hand Weapons
 a - a +2 dagger
 l - a +0 whip
 p - a +0 mace
 q - the +0 whip of Cougeg {drain, Fragile rF+ SInv Stlth+}
   (You found it on level 2 of the Dungeon)

   A truly terrible weapon, it drains the life of any living foe it strikes.
   rF:        It protects you from fire.
   SInv:      It lets you see invisible.
   Fragile:   It will be destroyed if unequipped.
   Stlth:     It makes you more stealthy.
 x - a +0 dagger of venom
 A - a +4 dagger of venom
 D - the +10 hand axe "Hepsieru" (weapon) {flame, rC++ Str-3 Int+2 Stlth+}
   (You found it on level 5 of the Dungeon)

   It burns those it strikes, dealing additional fire damage.
   Big, fiery blades are also staple armaments of hydra-hunters.
   Str:       It affects your strength (-3).
   Int:       It affects your intelligence (+2).
   rC:        It greatly protects you from cold.
   Stlth:     It makes you more stealthy.
Missiles
 d - 12 poisoned darts (quivered)
 e - 2 curare-tipped darts
 f - 129 stones
 w - 4 boomerangs
Armour
 b - a +0 robe (worn)
 c - a +0 cloak (worn)
 v - a +0 plate armour
 F - a +0 chain mail
Jewellery
 g - a ring of protection from fire
 i - an amulet of guardian spirit
 y - a ring of flight
Scrolls
 k - 2 scrolls of identify {unknown}
 m - a scroll of noise {unknown}
 o - 3 scrolls of teleportation {unknown}
 r - a scroll of vulnerability {unknown}
 s - a scroll of immolation {unknown}
 t - a scroll of fear {unknown}
 u - 3 scrolls of blinking {unknown}
 z - 2 scrolls of amnesia {unknown}
 B - a scroll of fog {unknown}
 E - a scroll of summoning {unknown}
 H - a scroll of brand weapon {unknown}
 K - a scroll of holy word {unknown}
Potions
 h - 2 potions of brilliance {unknown}
 j - 2 potions of degeneration {unknown}
 n - 2 potions of heal wounds {unknown}
 G - a potion of lignification {unknown}
 I - a potion of attraction {unknown}
 J - a potion of cancellation {unknown}


   Skills:
 - Level 4.2 Fighting
 - Level 2.0 Short Blades
 + Level 7.4 Axes
 - Level 1.7 Throwing
 - Level 4.5 Armour
 - Level 0.7 Dodging
 - Level 5.8 Stealth


You had 7 spell levels left.
You didn't know any spells.
Your spell library contained the following spells:

 Spells                   Type           Power      Damage    Failure   Level
 Passwall                 Tmut/Erth      0%         N/A       41%         2
 Swiftness                Air            0%         N/A       65%         3


Dungeon Overview and Level Annotations

Branches:
Dungeon (6/15)
 Temple: D:4-7

Altars:
Cheibriados
Dithmenos
Fedhas
Hepliaklqana
Kikubaaqudgha
Okawaru
Sif Muna
Trog
Wu Jian
Yredelemnul

Annotations:
D:6 Grinder, Maggie


Innate Abilities, Weirdness & Mutations

Your serpentine skin is tough. (AC +2)
You have supernaturally acute eyesight. (SInv)
Armour fits poorly on your strangely shaped body.
Your system is resistant to poisons. (rPois)
You cover ground very slowly.
You can spit poison.
You have a snake-like lower body.


Message History

Maggie says, "Leave now, and tell all of Margery's mercy!"
Maggie gestures at you while chanting. The bolt of fire hits you!
* * * LOW HITPOINT WARNING * * *
You barely miss Maggie.
Maggie is severely wounded.
Maggie hits you with a +2 long sword of draining!
* * * LOW HITPOINT WARNING * * *
You feel drained.
* * * LOW HITPOINT WARNING * * *
You feel better.
Maggie hits you with a +2 long sword of draining.
* * * LOW HITPOINT WARNING * * *
You feel drained.
* * * LOW HITPOINT WARNING * * *
You hit Maggie. You burn Maggie.
Maggie is almost dead.
You hit the water moccasin. You burn the water moccasin.
Maggie casts a spell.
Maggie attempts to bespell you!
You are mesmerised by Maggie!
The water moccasin barely misses you.
You barely miss Maggie.
Maggie is almost dead.
You hit the water moccasin. You burn the water moccasin.
The water moccasin barely misses you. Maggie barely misses you.
You hit Maggie but do no damage.
Maggie is almost dead.
You closely miss the water moccasin. The water moccasin bites you!
* * * LOW HITPOINT WARNING * * *
Maggie casts a spell.
Maggie draws you further into her thrall.
You barely miss Maggie.
Maggie is almost dead.
You hit the water moccasin. You burn the water moccasin.
Maggie looks more healthy.
The water moccasin barely misses you.
The water moccasin bites you but does no damage.
Maggie gestures at you while chanting. The bolt of fire hits you!
You die...

...(##.... .....
...#
#.................#
.. ....@........#
... ............#
... ......#....#
#.##....(....##
#...... ......#
#...##@.....# ...
##....@...# ...#
#.....S..##
....##........#
#...........##
###.........##
.....#†....#..#
..##....†###..#
..#......##...##
##.......>....#


You could see Maggie (mesmerising) and a water moccasin.

Vanquished Creatures
  Prince Ribbit (D:6)
  A black bear (D:5)
  A sky beast (D:5)
  3 necrophages
  An ogre (D:5)
  A centaur (D:5)
  A phantom (D:4)
  Blork the orc (D:6)
  2 scorpions
  A bullfrog zombie (D:5)
  An orc priest (D:5)
  An iguana (D:4)
  An orc wizard (D:5)
  A howler monkey zombie (D:6)
  6 adders
  A white imp (D:5)
  A worm (D:2)
  2 dart slugs
  10 orcs
  2 bats
  4 endoplasms
  3 giant cockroaches
  7 goblins
  6 hobgoblins
  4 kobolds
  3 quokkas
  12 ball pythons
  3 frilled lizards
  5 rats
86 creatures vanquished.

Vanquished Creatures (others)
  2 fungi (D:3)
2 creatures vanquished.

Grand Total: 88 creatures vanquished

Notes
Turn   | Place    | Note
-------+----------+-------------------------------------------
     0 | D:1      | lessens the Naga Brigand began the quest for the Orb.
     0 | D:1      | Reached XP level 1. HP: 19/19 MP: 1/1
   300 | D:1      | Reached XP level 2. HP: 23/27 MP: 2/2
   753 | D:2      | Found a faded altar of an unknown god.
   983 | D:2      | Identified the +0 whip of Cougeg {drain, Fragile rF+ SInv
                  | Stlth+}
   993 | D:2      | Reached XP level 3. HP: 33/34 MP: 3/3
  1213 | D:2      | Found a shimmering blue altar of Sif Muna.
  1848 | D:2      | Reached XP level 4. HP: 34/44 MP: 4/4
  2157 | D:2      | Reached skill level 1 in Armour
  2348 | D:3      | Found a snail-covered altar of Cheibriados.
  2483 | D:3      | Found an ornate altar of the Wu Jian Council.
  2531 | D:3      | Found an ancient bone altar of Kikubaaqudgha.
  2885 | D:4      | Noticed a phantom
  3069 | D:4      | Noticed a necrophage
  3367 | D:4      | Found a bloodstained altar of Trog.
  3400 | D:4      | Reached XP level 5. HP: 50/50 MP: 5/5
  4073 | D:5      | Entered Level 5 of the Dungeon
  4287 | D:5      | Noticed a necrophage
  4301 | D:5      | Noticed an ogre
  4311 | D:5      | Killed an ogre
  4312 | D:5      | Reached XP level 6. HP: 34/57 MP: 6/6
  4334 | D:5      | Killed a necrophage
  4568 | D:5      | Identified the +10 hand axe "Hepsieru" {flame, rC++ Str-3
                  | Int+2 Stlth+}
  4614 | D:5      | Reached skill level 1 in Axes
  4615 | D:5      | Reached XP level 7. HP: 60/64 MP: 7/7
  4691 | D:5      | Reached skill level 2 in Axes
  4717 | D:5      | Reached skill level 3 in Axes
  4776 | D:5      | Found a shimmering blue altar of Sif Muna.
  4776 | D:5      | Found an iron altar of Okawaru.
  4854 | D:5      | Found a hazy altar of Hepliaklqana.
  4856 | D:5      | Became a worshipper of Warmaster Okawaru
  4858 | D:5      | Found a shadowy altar of Dithmenos.
  4866 | D:5      | Reached skill level 4 in Axes
  4947 | D:5      | Found a blossoming altar of Fedhas.
  4950 | D:5      | Found a basalt altar of Yredelemnul.
  5137 | D:5      | Reached skill level 5 in Axes
  5264 | D:4      | Reached XP level 8. HP: 34/72 MP: 8/8
  5509 | D:4      | Reached * piety under Okawaru
  5578 | D:6      | Noticed Grinder
  5578 | D:6      | Noticed a boulder beetle
  5649 | D:6      | Noticed Prince Ribbit
  5659 | D:6      | Killed Prince Ribbit
  5660 | D:6      | Reached skill level 6 in Axes
  5754 | D:6      | Noticed Blork the orc
  5763 | D:6      | Killed Blork the orc
  5764 | D:6      | Reached skill level 7 in Axes
  5929 | D:6      | Noticed Maggie
  5949 | D:6      | Killed from afar by Maggie

Illustrated notes

Levels and vault maps discovered:
D:1:      minmay_arrival_loop, layout_basic, serial_forest,
          infiniplex_forest_lined_3_way, infiniplex_forest_clump_long,
          infiniplex_forest_clump_medium, infiniplex_forest_lined_corner,
          infiniplex_forest_clump_double, infiniplex_forest_end_1,
          infiniplex_forest_straight_1, minmay_fountain_box,
          minmay_misc_feat_secret_circle, minmay_hexomino_p4
D:2:      layout_basic, basic_altar, dreamdust_ecumenical_altar_statues,
          minmay_surrounded
D:3:      layout_basic, kiku_gazebo_garden_becter, mainiacjoe_overflow_chevrons,
          mainiacjoe_overflow_boulevard, minmay_goblin_outpost
D:4:      minmay_evil_eye, layout_loops_corners, mainiacjoe_overflow_alcove_2
D:5:      layout_cave_pools, nicolae_overflow_hallway_of_the_gods,
          kennysheep_generic_room_9
D:6:      layout_cave_pools, minmay_temple_entry_slanted, uniq_prince_ribbit1,
          uniq_duvessa, uniq_blork_the_orc, uniq_grinder, uniq_maggie

Skill      XL: |  1  2  3  4  5  6  7  8 |
---------------+-------------------------+-----
Fighting       | 3 4 |  4.2
Armour         | 1 3 4 |  4.5
Axes           | 1 5 7 |  7.4
Short Blades   | |  2.0
Throwing       | |  1.7
Dodging        | |  0.7
Stealth        | |  5.8

Action                   |  1- 3 |  4- 6 |  7- 9 || total
-------------------------+-------+-------+-------++-------
Melee: Dagger            |   124 |   101 |       ||   225
       Hand axe          |       |     7 |    76 ||    83
Throw: Dart              |       |    13 |    14 ||    27
 Abil: Spit Poison       |     2 |     5 |     3 ||    10
  Use: Potion            |       |       |     1 ||     1
 Stab: Sleeping          |    11 |     3 |     3 ||    17
       Distracted        |     1 |     1 |     1 ||     3
Armor: Robe              |    32 |    18 |    16 ||    66
Dodge: Dodged            |    44 |    46 |    33 ||   123

Table legend: (Time is in decaauts)
 A = Elapsed time spent in this place.
 B = Non-inter-level travel time spent in this place.
 C = Inter-level travel time spent in this place.
 D = Time resting spent in this place.
 E = Time spent auto-exploring this place.
 F = Levels seen in this place.
 G = Mean time per level.
                   A        B        C        D        E       F      G
               +--------+--------+--------+--------+--------+-----+--------+
         Total |   7374 |   6864 |    510 |    554 |   5020 |   6 | 1229.0 |
       Dungeon |   7374 |   6864 |    510 |    554 |   5020 |   6 | 1229.0 |
               +--------+--------+--------+--------+--------+-----+--------+

Top non-repeatable levels by time:
     D:4: 2168 daAuts
     D:5: 1563 daAuts
     D:2: 1475 daAuts
     D:1: 987 daAuts
     D:3: 880 daAuts
     D:6: 298 daAuts
